General information
- name: BNet
- type: Ladder team game (AT/RT)
- host: Battle.net
- saver: mitsunobu
map: GolemsInTheMist
- players: 8
- length: 117:01
- speed: Fast
- version: 1.26 W3XP
- replay type: Public
» download(498 KB)
Players
team 1 (loser)

»
HIYOFROMKOREA (
blue | 87 APM | 1561 actions | 17:51)
3 Archmage
2 Summon Water Elemental
1 Brilliance Aura
1 Mountain King
1 Storm Bolt
» actions
| Assign group hotkey | 35 | |
| Basic commands | 90 | |
| Build / train | 42 | |
| Enter build submenu | 17 | |
| Enter hero's abilities submenu | 4 | |
| Give item / drop item | 2 | |
| Right click | 626 | |
| Select / deselect | 230 | |
| Select group hotkey | 458 | |
| Use ability | 57 | |
1561 total
» units
| Peasant | 10 | |
| Footman | 5 | |
| Rifleman | 3 | |
| Sorceress | 4 | |
| Mortar Team | 4 | |
26 total
» upgrades
» buildings
| Barracks | 1 | |
| Altar of Kings | 1 | |
| Farm | 9 | |
| Scout Tower | 1 | |
| Arcane Tower | 1 | |
| Arcane Vault | 1 | |
| Keep | 1 | |
| Blacksmith | 1 | |
| Lumber Mill | 1 | |
| Arcane Sanctum | 1 | |
| Workshop | 1 | |
19 total
» build order
00:12 Barracks
00:21 Altar of Kings
00:30 Farm
00:43 Farm
01:35 Scout Tower
01:54 Farm
02:02 Arcane Tower
03:13 Farm
03:29 Arcane Vault
03:40 Keep
03:58 Blacksmith
04:34 Farm
05:59 Lumber Mill
06:03 Farm
06:16 Arcane Sanctum
07:25 Workshop
08:05 Farm
08:08 Farm
08:49 Farm
» items
| Scroll of Regeneration | 1 | |
| Scroll of Town Portal | 3 | |
4 total

»
Hellzhunter (
orange | 57 APM | 808 actions | 14:04)
2 Death Knight
1 Death Coil
1 Unholy Aura
1 Lich
1 Frost Armor
» actions
| Assign group hotkey | 3 | |
| Basic commands | 51 | |
| Build / train | 44 | |
| Enter build submenu | 9 | |
| Enter hero's abilities submenu | 3 | |
| Remove unit from queue | 1 | |
| Right click | 444 | |
| Select / deselect | 205 | |
| Select group hotkey | 5 | |
| Use ability | 43 | |
808 total
» units
| Acolyte | 8 | |
| Ghoul | 2 | |
| Crypt Fiend | 22 | |
32 total
» buildings
| Crypt | 1 | |
| Graveyard | 1 | |
| Altar of Darkness | 1 | |
| Ziggurat | 4 | |
| Tomb of Relics | 1 | |
| Halls of the Dead | 1 | |
| Sacrificial Pit | 1 | |
| Black Citadel | 1 | |
11 total
» build order
00:19 Crypt
00:29 Graveyard
00:40 Altar of Darkness
00:58 Ziggurat
01:44 Tomb of Relics
02:15 Ziggurat
04:18 Halls of the Dead
04:42 Ziggurat
05:57 Ziggurat
06:55 Sacrificial Pit
07:57 Black Citadel
» items
kevinharlan23 (
yellow | 38 APM | 4443 actions | 117:00)
4 Death Knight
2 Death Coil
2 Unholy Aura
3 Mountain King
2 Bash
1 Storm Bolt
1 Warden
1 Shadow Strike
1 Priestess of the Moon
1 Trueshot Aura
1 Archmage
1 Brilliance Aura
» actions
| Basic commands | 5 | |
| Build / train | 117 | |
| Enter build submenu | 29 | |
| Enter hero's abilities submenu | 10 | |
| Give item / drop item | 3 | |
| Remove unit from queue | 2 | |
| Right click | 2917 | |
| Select / deselect | 1042 | |
| Use ability | 318 | |
4443 total
» units
| Acolyte | 11 | |
| Ghoul | 4 | |
| Crypt Fiend | 22 | |
| Goblin Zeppelin | 1 | |
| Gargoyle | 21 | |
| Wisp | 14 | |
| Chimaera | 2 | |
75 total
» upgrades
| Creature Attack | 3 | |
| Creature Carapace | 2 | |
| Web | 1 | |
| Burrow | 1 | |
7 total
» buildings
| Ziggurat | 8 | |
| Crypt | 3 | |
| Graveyard | 1 | |
| Altar of Darkness | 2 | |
| Nerubian Tower | 1 | |
| Halls of the Dead | 2 | |
| Black Citadel | 4 | |
| Sacrificial Pit | 1 | |
| Spirit Tower | 3 | |
| Necropolis | 1 | |
| Ancient Protector | 8 | |
| Moon Well | 1 | |
35 total
» build order
00:14 Ziggurat
00:18 Crypt
00:42 Graveyard
00:58 Altar of Darkness
01:17 Ziggurat
03:34 Ziggurat
06:20 Nerubian Tower
08:57 Halls of the Dead
11:22 Black Citadel
11:25 Sacrificial Pit
11:27 Ziggurat
11:29 Ziggurat
11:31 Ziggurat
11:33 Ziggurat
11:34 Ziggurat
12:56 Spirit Tower
13:56 Spirit Tower
13:56 Spirit Tower
16:17 Necropolis
16:25 Altar of Darkness
18:54 Crypt
18:58 Crypt
20:00 Halls of the Dead
23:11 Black Citadel
28:16 Ancient Protector
28:18 Ancient Protector
29:04 Ancient Protector
29:06 Ancient Protector
29:17 Ancient Protector
29:23 Ancient Protector
29:35 Ancient Protector
30:08 Moon Well
31:33 Ancient Protector
» items
| Scroll of Town Portal | 1 | |
| Potion of Healing | 1 | |
| Potion of Mana | 1 | |
3 total

»
buttssss (
red | 44 APM | 1175 actions | 26:25)
3 Warden
2 Fan of Knives
1 Blink
2 Priestess of the Moon
1 Trueshot Aura
1 Scout
» actions
| Assign group hotkey | 26 | |
| Basic commands | 18 | |
| Build / train | 73 | |
| Enter build submenu | 24 | |
| Enter hero's abilities submenu | 5 | |
| Give item / drop item | 3 | |
| Remove unit from queue | 6 | |
| Right click | 504 | |
| Select / deselect | 313 | |
| Select group hotkey | 150 | |
| Use ability | 53 | |
1175 total
» units
| Wisp | 22 | |
| Goblin Shredder | 3 | |
| Dryad | 5 | |
| Chimaera | 6 | |
| Mountain Giant | 1 | |
| Hippogryph | 5 | |
42 total
» upgrades
| Well Spring | 1 | |
| Ultravision | 1 | |
| Corrosive Breath | 1 | |
| Strength of the Wild | 3 | |
| Abolish Magic | 1 | |
| Nature's Blessing | 1 | |
| Hardened Skin | 1 | |
| Reinforced Hides | 3 | |
| Resistant Skin | 1 | |
13 total
» buildings
| Altar of Elders | 1 | |
| Moon Well | 9 | |
| Hunter's Hall | 1 | |
| Ancient Protector | 1 | |
| Tree of Ages | 1 | |
| Ancient of Wonders | 1 | |
| Ancient of Lore | 2 | |
| Ancient of Wind | 1 | |
| Tree of Eternity | 3 | |
| Tree of Life | 4 | |
| Chimaera Roost | 4 | |
28 total
» build order
00:13 Altar of Elders
00:19 Moon Well
01:16 Hunter's Hall
01:52 Moon Well
02:26 Ancient Protector
02:52 Tree of Ages
03:07 Ancient of Wonders
04:48 Moon Well
04:54 Moon Well
05:31 Ancient of Lore
05:38 Ancient of Wind
05:42 Ancient of Lore
05:47 Moon Well
05:52 Moon Well
06:17 Tree of Eternity
06:17 Tree of Eternity
08:21 Tree of Life
08:50 Chimaera Roost
08:55 Chimaera Roost
09:02 Chimaera Roost
09:07 Chimaera Roost
11:38 Tree of Life
20:19 Moon Well
20:20 Moon Well
21:37 Moon Well
23:51 Tree of Life
25:17 Tree of Life
» items
team 2 (winner)

»
Arts999 (
green | 21 APM | 1492 actions | 70:39)
5 Warden
3 Fan of Knives
2 Blink
» actions
| Basic commands | 56 | |
| Build / train | 59 | |
| Enter build submenu | 15 | |
| Enter hero's abilities submenu | 5 | |
| Right click | 608 | |
| Select / deselect | 675 | |
| Use ability | 74 | |
1492 total
» units
| Wisp | 12 | |
| Archer | 11 | |
| Hippogryph | 7 | |
| Faerie Dragon | 8 | |
38 total
» upgrades
| Strength of the Moon | 2 | |
| Improved Bows | 1 | |
| Hippogryph Taming | 1 | |
| Moon Armor | 1 | |
| Strength of the Wild | 2 | |
| Reinforced Hides | 1 | |
| Marksmanship | 1 | |
| Well Spring | 1 | |
10 total
» buildings
| Altar of Elders | 1 | |
| Moon Well | 7 | |
| Ancient of War | 1 | |
| Ancient of Wonders | 1 | |
| Tree of Ages | 1 | |
| Hunter's Hall | 1 | |
| Ancient of Wind | 2 | |
| Tree of Eternity | 1 | |
| Tree of Life | 2 | |
17 total
» build order
00:10 Altar of Elders
00:12 Moon Well
01:22 Moon Well
01:43 Ancient of War
01:59 Ancient of Wonders
02:50 Tree of Ages
03:39 Moon Well
04:42 Hunter's Hall
05:31 Ancient of Wind
05:35 Ancient of Wind
05:46 Moon Well
09:10 Moon Well
10:56 Moon Well
11:13 Tree of Eternity
13:11 Moon Well
21:46 Tree of Life
25:17 Tree of Life
» items
| Potion of Healing | 1 | |
| Scroll of Town Portal | 2 | |
3 total
very.stoned (
pink | 43 APM | 1847 actions | 42:35)
4 Keeper of the Grove
2 Force of Nature
1 Entangling Roots
1 Thorns Aura
3 Priestess of the Moon
2 Trueshot Aura
1 Searing Arrows
» actions
| Assign group hotkey | 36 | |
| Basic commands | 108 | |
| Build / train | 50 | |
| ESC pressed | 3 | |
| Enter build submenu | 13 | |
| Enter hero's abilities submenu | 7 | |
| Give item / drop item | 1 | |
| Remove unit from queue | 2 | |
| Right click | 856 | |
| Select / deselect | 439 | |
| Select group hotkey | 255 | |
| Use ability | 77 | |
1847 total
» units
| Wisp | 10 | |
| Archer | 18 | |
| Goblin Shredder | 1 | |
29 total
» upgrades
| Strength of the Moon | 2 | |
| Improved Bows | 1 | |
| Marksmanship | 1 | |
4 total
» buildings
| Altar of Elders | 1 | |
| Moon Well | 7 | |
| Ancient of War | 2 | |
| Ancient of Wonders | 1 | |
| Hunter's Hall | 1 | |
| Tree of Ages | 1 | |
| Tree of Life | 1 | |
| Tree of Eternity | 1 | |
15 total
» build order
00:21 Altar of Elders
00:32 Moon Well
00:51 Ancient of War
01:35 Moon Well
02:02 Ancient of War
02:13 Ancient of Wonders
02:53 Moon Well
04:23 Moon Well
05:07 Hunter's Hall
06:28 Tree of Ages
07:34 Tree of Life
08:11 Moon Well
09:58 Tree of Eternity
11:43 Moon Well
14:48 Moon Well
» items
| Potion of Healing | 2 | |
| Orb of Fire | 1 | |
| Scroll of Town Portal | 1 | |
4 total
kyle_katarn (
purple | 41 APM | 4849 actions | 117:00)
4 Archmage
2 Blizzard
2 Brilliance Aura
3 Blood Mage
2 Flame Strike
1 Siphon Mana
» actions
| Assign group hotkey | 75 | |
| Basic commands | 226 | |
| Build / train | 226 | |
| ESC pressed | 1 | |
| Enter build submenu | 188 | |
| Enter hero's abilities submenu | 9 | |
| Right click | 1641 | |
| Select / deselect | 1167 | |
| Select group hotkey | 799 | |
| Use ability | 517 | |
4849 total
» units
| Peasant | 44 | |
| Goblin Shredder | 8 | |
| Goblin Zeppelin | 4 | |
| Gryphon Rider | 5 | |
| Dragonhawk Rider | 9 | |
| Flying Machine | 21 | |
| Goblin Sapper | 6 | |
| Siege Engine | 4 | |
101 total
» upgrades
| Lumber Harvesting | 2 | |
| Masonry | 3 | |
| Storm Hammers | 1 | |
| Swords | 5 | |
| Gunpowder | 3 | |
| Armor | 3 | |
| Plating | 5 | |
| Flying Machine Bombs | 1 | |
| Cloud | 1 | |
| Flak Cannons | 1 | |
| Barrage | 2 | |
27 total
» buildings
| Altar of Kings | 1 | |
| Farm | 13 | |
| Lumber Mill | 2 | |
| Arcane Vault | 3 | |
| Scout Tower | 318 | |
| Keep | 1 | |
| Arcane Tower | 1 | |
| Guard Tower | 76 | |
| Castle | 1 | |
| Blacksmith | 2 | |
| Town Hall | 5 | |
| Gryphon Aviary | 3 | |
| Workshop | 4 | |
430 total
» build order
00:15 Altar of Kings
00:23 Farm
01:16 Farm
01:30 Lumber Mill
01:57 Arcane Vault
03:27 Farm
03:29 Farm
03:36 Scout Tower
03:37 Scout Tower
03:38 Scout Tower
03:39 Scout Tower
03:40 Scout Tower
03:41 Scout Tower
03:43 Scout Tower
03:43 Scout Tower
04:14 Keep
04:37 Arcane Tower
04:38 Guard Tower
05:26 Guard Tower
07:17 Scout Tower
07:18 Scout Tower
07:19 Scout Tower
07:20 Scout Tower
07:21 Scout Tower
07:22 Scout Tower
07:23 Scout Tower
07:24 Scout Tower
07:25 Scout Tower
07:27 Scout Tower
07:27 Scout Tower
07:59 Scout Tower
08:00 Scout Tower
08:01 Scout Tower
08:01 Scout Tower
08:03 Scout Tower
08:03 Scout Tower
08:04 Scout Tower
08:04 Scout Tower
08:12 Castle
08:18 Blacksmith
08:19 Arcane Vault
08:38 Guard Tower
08:45 Scout Tower
08:46 Scout Tower
08:49 Scout Tower
08:50 Scout Tower
08:53 Scout Tower
08:54 Scout Tower
08:55 Scout Tower
08:55 Scout Tower
08:59 Guard Tower
09:10 Guard Tower
09:20 Farm
10:03 Town Hall
10:18 Guard Tower
10:43 Farm
10:45 Farm
12:20 Town Hall
12:36 Scout Tower
12:36 Scout Tower
12:37 Scout Tower
12:38 Scout Tower
12:43 Guard Tower
12:47 Scout Tower
12:47 Scout Tower
12:48 Scout Tower
13:59 Gryphon Aviary
14:00 Gryphon Aviary
14:02 Blacksmith
14:30 Gryphon Aviary
17:19 Farm
17:19 Farm
17:24 Guard Tower
17:27 Scout Tower
17:28 Scout Tower
17:28 Scout Tower
17:29 Scout Tower
17:29 Scout Tower
18:15 Arcane Vault
18:16 Scout Tower
18:16 Scout Tower
18:17 Scout Tower
18:17 Scout Tower
18:17 Scout Tower
19:06 Farm
19:06 Farm
19:07 Farm
19:07 Farm
20:56 Guard Tower
20:59 Guard Tower
21:00 Guard Tower
22:24 Workshop
22:25 Workshop
25:09 Guard Tower
31:39 Town Hall
35:54 Workshop
35:57 Workshop
36:41 Town Hall
42:47 Scout Tower
42:58 Scout Tower
49:14 Scout Tower
49:15 Scout Tower
49:17 Scout Tower
49:18 Scout Tower
49:34 Scout Tower
49:35 Scout Tower
49:36 Scout Tower
49:37 Scout Tower
49:39 Scout Tower
49:40 Scout Tower
49:41 Scout Tower
49:42 Scout Tower
49:54 Scout Tower
49:55 Scout Tower
49:55 Scout Tower
49:57 Scout Tower
49:58 Scout Tower
49:59 Scout Tower
50:00 Scout Tower
50:01 Scout Tower
50:03 Scout Tower
50:04 Scout Tower
50:05 Scout Tower
50:05 Scout Tower
50:08 Guard Tower
50:12 Scout Tower
50:13 Scout Tower
50:14 Scout Tower
50:16 Scout Tower
50:17 Scout Tower
50:18 Scout Tower
50:19 Scout Tower
50:22 Scout Tower
50:23 Scout Tower
50:24 Scout Tower
50:25 Scout Tower
50:30 Guard Tower
50:38 Scout Tower
50:39 Scout Tower
50:41 Scout Tower
50:42 Scout Tower
50:44 Scout Tower
50:45 Scout Tower
50:46 Scout Tower
50:47 Scout Tower
50:48 Scout Tower
50:58 Scout Tower
50:59 Scout Tower
51:00 Scout Tower
51:01 Scout Tower
51:02 Scout Tower
51:04 Scout Tower
51:05 Scout Tower
51:06 Scout Tower
51:09 Guard Tower
51:12 Scout Tower
51:15 Scout Tower
51:16 Scout Tower
51:17 Scout Tower
51:18 Scout Tower
51:22 Scout Tower
51:24 Scout Tower
51:25 Scout Tower
51:28 Guard Tower
51:34 Guard Tower
51:39 Scout Tower
51:45 Scout Tower
51:47 Scout Tower
51:48 Guard Tower
51:51 Scout Tower
51:56 Scout Tower
52:04 Scout Tower
52:05 Guard Tower
52:07 Guard Tower
52:08 Scout Tower
52:20 Scout Tower
52:21 Guard Tower
52:30 Scout Tower
52:30 Scout Tower
52:31 Scout Tower
52:32 Scout Tower
52:33 Scout Tower
52:34 Scout Tower
52:37 Scout Tower
52:38 Scout Tower
52:42 Scout Tower
52:45 Guard Tower
52:48 Scout Tower
52:54 Scout Tower
52:55 Guard Tower
53:02 Guard Tower
53:05 Scout Tower
53:09 Scout Tower
53:11 Scout Tower
53:12 Scout Tower
53:13 Scout Tower
53:15 Scout Tower
53:16 Scout Tower
53:17 Scout Tower
53:19 Scout Tower
53:20 Scout Tower
53:21 Scout Tower
53:22 Scout Tower
53:23 Scout Tower
53:27 Guard Tower
53:35 Scout Tower
53:42 Guard Tower
53:47 Scout Tower
53:51 Scout Tower
54:01 Scout Tower
54:05 Scout Tower
54:08 Scout Tower
54:10 Guard Tower
54:17 Scout Tower
54:22 Scout Tower
54:27 Scout Tower
54:31 Guard Tower
54:37 Scout Tower
54:39 Scout Tower
54:40 Scout Tower
54:41 Scout Tower
54:42 Scout Tower
54:45 Scout Tower
54:47 Scout Tower
54:48 Scout Tower
54:52 Scout Tower
54:55 Scout Tower
54:58 Scout Tower
55:01 Guard Tower
55:07 Guard Tower
55:09 Guard Tower
55:20 Guard Tower
55:22 Guard Tower
55:27 Guard Tower
55:33 Scout Tower
55:37 Scout Tower
55:39 Scout Tower
55:40 Scout Tower
55:41 Scout Tower
55:42 Scout Tower
55:44 Scout Tower
55:46 Scout Tower
55:46 Scout Tower
55:47 Scout Tower
55:48 Scout Tower
55:53 Guard Tower
55:55 Scout Tower
55:55 Scout Tower
56:11 Scout Tower
56:12 Scout Tower
56:13 Scout Tower
56:14 Scout Tower
56:16 Scout Tower
56:26 Scout Tower
56:38 Scout Tower
56:39 Scout Tower
56:40 Scout Tower
56:41 Scout Tower
56:48 Guard Tower
56:50 Guard Tower
57:16 Scout Tower
57:17 Scout Tower
57:18 Scout Tower
57:19 Scout Tower
57:19 Scout Tower
57:23 Scout Tower
57:23 Scout Tower
57:24 Scout Tower
57:26 Scout Tower
57:27 Scout Tower
57:41 Scout Tower
57:42 Scout Tower
57:43 Scout Tower
57:44 Scout Tower
57:52 Guard Tower
58:01 Scout Tower
58:04 Scout Tower
58:09 Scout Tower
58:14 Guard Tower
58:16 Guard Tower
58:18 Guard Tower
58:20 Guard Tower
58:25 Scout Tower
58:26 Guard Tower
58:39 Scout Tower
58:41 Scout Tower
58:43 Scout Tower
58:48 Scout Tower
59:01 Guard Tower
59:06 Scout Tower
59:06 Scout Tower
59:07 Scout Tower
59:12 Scout Tower
59:12 Scout Tower
59:14 Scout Tower
59:17 Scout Tower
59:22 Scout Tower
59:25 Scout Tower
59:26 Scout Tower
59:27 Scout Tower
59:28 Scout Tower
59:33 Scout Tower
59:36 Guard Tower
59:39 Scout Tower
59:40 Scout Tower
59:42 Guard Tower
60:03 Guard Tower
60:07 Scout Tower
60:07 Scout Tower
60:10 Scout Tower
60:11 Scout Tower
60:15 Scout Tower
60:16 Scout Tower
60:19 Guard Tower
60:26 Scout Tower
60:27 Scout Tower
60:32 Scout Tower
60:33 Scout Tower
60:42 Guard Tower
61:00 Lumber Mill
61:33 Town Hall
62:03 Guard Tower
62:39 Scout Tower
62:40 Scout Tower
62:41 Scout Tower
62:43 Scout Tower
62:45 Scout Tower
63:03 Scout Tower
63:04 Scout Tower
63:05 Scout Tower
63:06 Scout Tower
63:09 Guard Tower
63:19 Guard Tower
63:25 Scout Tower
63:25 Scout Tower
63:26 Scout Tower
63:28 Scout Tower
63:29 Scout Tower
63:30 Scout Tower
63:30 Scout Tower
63:31 Scout Tower
63:43 Guard Tower
63:46 Guard Tower
64:01 Guard Tower
64:03 Scout Tower
64:11 Scout Tower
64:12 Scout Tower
64:15 Scout Tower
64:19 Guard Tower
64:22 Scout Tower
64:23 Scout Tower
64:24 Scout Tower
64:25 Scout Tower
64:25 Scout Tower
64:28 Guard Tower
64:31 Scout Tower
64:33 Scout Tower
64:35 Scout Tower
64:36 Guard Tower
64:38 Scout Tower
64:40 Scout Tower
64:42 Scout Tower
64:43 Guard Tower
65:20 Guard Tower
65:41 Scout Tower
65:42 Scout Tower
65:43 Scout Tower
65:43 Scout Tower
65:44 Scout Tower
65:54 Scout Tower
66:00 Scout Tower
66:26 Guard Tower
66:29 Scout Tower
66:31 Scout Tower
66:31 Scout Tower
66:33 Scout Tower
66:33 Scout Tower
66:43 Guard Tower
66:44 Scout Tower
66:54 Scout Tower
66:55 Scout Tower
66:56 Scout Tower
67:02 Guard Tower
67:03 Guard Tower
67:05 Scout Tower
67:06 Guard Tower
67:07 Guard Tower
67:12 Scout Tower
67:13 Guard Tower
67:14 Scout Tower
67:22 Scout Tower
67:26 Scout Tower
67:29 Guard Tower
67:39 Guard Tower
67:44 Scout Tower
67:45 Scout Tower
67:48 Scout Tower
67:49 Scout Tower
67:52 Scout Tower
67:53 Scout Tower
67:54 Guard Tower
67:56 Scout Tower
67:57 Scout Tower
67:59 Scout Tower
68:00 Scout Tower
68:02 Scout Tower
68:02 Scout Tower
68:04 Scout Tower
68:07 Scout Tower
68:08 Scout Tower
68:13 Scout Tower
68:18 Guard Tower
68:21 Scout Tower
68:22 Scout Tower
68:22 Scout Tower
68:24 Guard Tower
68:55 Guard Tower
68:58 Scout Tower
69:02 Scout Tower
69:04 Scout Tower
69:07 Scout Tower
69:08 Scout Tower
69:09 Scout Tower
69:11 Scout Tower
69:17 Scout Tower
69:20 Guard Tower
69:24 Scout Tower
69:25 Scout Tower
69:37 Guard Tower
69:39 Guard Tower
» items
| Scroll of Regeneration | 3 | |
| Lesser Clarity Potion | 1 | |
| Scroll of Town Portal | 2 | |
| Staff of Sanctuary | 3 | |
| Potion of Healing | 1 | |
10 total
mitsunobu (
teal | 60 APM | 7064 actions | 117:01)
5 Blood Mage
3 Flame Strike
2 Siphon Mana
3 Archmage
1 Blizzard
2 Brilliance Aura
3 Mountain King
2 Storm Bolt
1 Bash
» actions
| Assign group hotkey | 70 | |
| Basic commands | 343 | |
| Build / train | 266 | |
| ESC pressed | 20 | |
| Enter build submenu | 213 | |
| Enter hero's abilities submenu | 12 | |
| Give item / drop item | 2 | |
| Right click | 2824 | |
| Select / deselect | 1224 | |
| Select group hotkey | 1306 | |
| Use ability | 784 | |
7064 total
» units
| Peasant | 47 | |
| Goblin Shredder | 12 | |
| Goblin Zeppelin | 7 | |
| Goblin Sapper | 19 | |
| Gryphon Rider | 3 | |
| Sorceress | 2 | |
| Priest | 3 | |
| Siege Engine | 22 | |
115 total
» upgrades
| Masonry | 3 | |
| Lumber Harvesting | 2 | |
| Storm Hammers | 1 | |
| Animal War Training | 1 | |
| Armor | 3 | |
| Swords | 3 | |
| Gunpowder | 3 | |
| Plating | 3 | |
| Magic Sentry | 1 | |
| Ultravision | 1 | |
| Sorceress Training | 2 | |
| Priest Training | 2 | |
| Barrage | 2 | |
27 total
» buildings
| Altar of Kings | 1 | |
| Farm | 16 | |
| Lumber Mill | 6 | |
| Scout Tower | 337 | |
| Arcane Tower | 2 | |
| Guard Tower | 88 | |
| Town Hall | 12 | |
| Keep | 2 | |
| Castle | 3 | |
| Arcane Sanctum | 2 | |
| Arcane Vault | 5 | |
| Gryphon Aviary | 10 | |
| Barracks | 1 | |
| Blacksmith | 1 | |
| Workshop | 3 | |
489 total
» build order
00:14 Altar of Kings
00:16 Farm
00:56 Lumber Mill
01:14 Scout Tower
01:18 Farm
01:40 Scout Tower
01:41 Arcane Tower
02:07 Farm
02:09 Scout Tower
02:24 Guard Tower
02:39 Scout Tower
02:42 Scout Tower
02:43 Guard Tower
03:14 Guard Tower
04:06 Town Hall
04:16 Scout Tower
04:17 Scout Tower
05:30 Guard Tower
05:32 Scout Tower
05:32 Scout Tower
05:33 Scout Tower
05:33 Scout Tower
06:29 Guard Tower
06:31 Scout Tower
06:31 Scout Tower
06:32 Guard Tower
06:39 Farm
06:56 Keep
07:06 Guard Tower
07:07 Guard Tower
07:12 Scout Tower
07:13 Scout Tower
07:14 Scout Tower
07:14 Scout Tower
07:17 Scout Tower
07:18 Scout Tower
07:18 Scout Tower
07:18 Scout Tower
07:19 Scout Tower
07:20 Scout Tower
07:20 Scout Tower
07:24 Scout Tower
07:24 Scout Tower
07:25 Scout Tower
07:26 Scout Tower
07:26 Scout Tower
07:27 Scout Tower
07:47 Guard Tower
07:50 Guard Tower
08:16 Scout Tower
08:16 Scout Tower
08:17 Scout Tower
08:17 Scout Tower
08:20 Guard Tower
08:23 Scout Tower
08:24 Scout Tower
08:24 Scout Tower
08:53 Guard Tower
08:54 Guard Tower
08:55 Scout Tower
08:56 Scout Tower
08:56 Scout Tower
08:56 Scout Tower
09:27 Castle
09:29 Guard Tower
09:45 Guard Tower
11:03 Guard Tower
11:06 Town Hall
11:08 Farm
11:16 Scout Tower
11:16 Scout Tower
11:17 Scout Tower
11:17 Scout Tower
11:17 Scout Tower
11:17 Scout Tower
11:18 Scout Tower
11:18 Scout Tower
11:18 Scout Tower
12:01 Scout Tower
12:01 Scout Tower
12:02 Scout Tower
12:02 Scout Tower
12:02 Scout Tower
12:02 Scout Tower
12:06 Guard Tower
12:48 Arcane Sanctum
12:56 Guard Tower
13:05 Lumber Mill
13:09 Lumber Mill
13:28 Guard Tower
14:17 Scout Tower
14:17 Scout Tower
14:18 Scout Tower
14:18 Scout Tower
14:18 Scout Tower
14:19 Scout Tower
14:19 Scout Tower
14:20 Scout Tower
14:21 Scout Tower
14:21 Scout Tower
14:21 Scout Tower
14:22 Scout Tower
14:22 Scout Tower
14:22 Scout Tower
14:23 Scout Tower
14:23 Scout Tower
14:23 Scout Tower
14:24 Scout Tower
14:38 Scout Tower
15:24 Scout Tower
15:25 Guard Tower
15:28 Guard Tower
15:30 Guard Tower
15:52 Guard Tower
16:01 Guard Tower
16:58 Town Hall
18:42 Guard Tower
18:46 Guard Tower
19:39 Scout Tower
20:03 Arcane Vault
20:04 Scout Tower
20:06 Arcane Vault
20:08 Scout Tower
20:09 Scout Tower
20:10 Scout Tower
20:10 Scout Tower
20:10 Scout Tower
20:11 Scout Tower
20:12 Scout Tower
20:12 Scout Tower
20:13 Scout Tower
20:54 Gryphon Aviary
20:54 Gryphon Aviary
20:55 Gryphon Aviary
20:55 Gryphon Aviary
20:56 Gryphon Aviary
20:58 Gryphon Aviary
20:58 Gryphon Aviary
21:01 Farm
21:01 Farm
21:02 Farm
21:02 Farm
21:18 Barracks
21:20 Blacksmith
21:20 Farm
21:21 Farm
21:21 Farm
21:22 Farm
21:23 Gryphon Aviary
21:24 Gryphon Aviary
27:03 Town Hall
27:10 Town Hall
27:16 Town Hall
27:18 Town Hall
27:46 Town Hall
31:24 Town Hall
34:08 Town Hall
34:36 Town Hall
43:11 Town Hall
44:12 Farm
44:14 Farm
48:18 Scout Tower
48:34 Scout Tower
48:35 Scout Tower
48:36 Scout Tower
48:39 Scout Tower
48:45 Scout Tower
48:47 Guard Tower
48:50 Scout Tower
48:52 Scout Tower
48:54 Scout Tower
48:58 Scout Tower
49:03 Guard Tower
49:06 Scout Tower
49:09 Scout Tower
49:11 Guard Tower
49:14 Guard Tower
49:16 Scout Tower
49:21 Scout Tower
49:24 Guard Tower
49:26 Guard Tower
49:33 Scout Tower
49:34 Scout Tower
49:34 Scout Tower
49:35 Scout Tower
49:36 Scout Tower
49:37 Scout Tower
49:39 Guard Tower
49:47 Scout Tower
49:49 Guard Tower
49:53 Scout Tower
49:54 Scout Tower
49:57 Scout Tower
49:58 Scout Tower
49:59 Scout Tower
50:03 Guard Tower
50:05 Scout Tower
50:08 Scout Tower
50:11 Scout Tower
50:16 Scout Tower
50:17 Scout Tower
50:22 Guard Tower
50:25 Scout Tower
50:25 Scout Tower
50:29 Guard Tower
50:32 Scout Tower
50:34 Scout Tower
50:37 Scout Tower
50:44 Scout Tower
50:49 Guard Tower
51:00 Guard Tower
51:04 Scout Tower
51:06 Scout Tower
51:09 Scout Tower
51:12 Scout Tower
51:13 Scout Tower
51:14 Scout Tower
51:18 Scout Tower
51:23 Guard Tower
51:23 Guard Tower
51:33 Scout Tower
51:33 Scout Tower
51:34 Scout Tower
51:36 Guard Tower
51:44 Guard Tower
51:47 Scout Tower
51:50 Scout Tower
51:53 Scout Tower
52:00 Scout Tower
52:05 Scout Tower
52:07 Scout Tower
52:07 Scout Tower
52:09 Guard Tower
52:12 Scout Tower
52:13 Scout Tower
52:14 Scout Tower
52:34 Guard Tower
52:39 Scout Tower
52:40 Scout Tower
52:41 Scout Tower
52:51 Guard Tower
53:08 Arcane Sanctum
53:16 Guard Tower
53:22 Scout Tower
53:23 Scout Tower
53:24 Scout Tower
53:24 Scout Tower
53:25 Scout Tower
53:36 Scout Tower
53:50 Arcane Vault
53:57 Guard Tower
54:00 Scout Tower
54:02 Scout Tower
54:03 Scout Tower
54:12 Scout Tower
54:18 Guard Tower
54:23 Scout Tower
54:24 Scout Tower
54:29 Scout Tower
54:30 Scout Tower
54:32 Scout Tower
54:33 Scout Tower
54:38 Guard Tower
54:59 Guard Tower
55:09 Scout Tower
55:09 Scout Tower
55:10 Scout Tower
55:11 Scout Tower
55:11 Scout Tower
55:13 Scout Tower
55:16 Guard Tower
55:19 Scout Tower
55:26 Scout Tower
55:29 Scout Tower
55:33 Scout Tower
55:35 Scout Tower
55:41 Guard Tower
55:47 Scout Tower
55:48 Scout Tower
55:48 Scout Tower
55:49 Scout Tower
56:08 Scout Tower
56:09 Guard Tower
57:05 Guard Tower
57:11 Guard Tower
57:18 Scout Tower
57:19 Scout Tower
57:20 Scout Tower
57:22 Scout Tower
57:26 Scout Tower
57:27 Scout Tower
57:31 Scout Tower
57:32 Scout Tower
57:33 Scout Tower
57:34 Scout Tower
57:42 Scout Tower
57:43 Scout Tower
57:45 Scout Tower
57:46 Scout Tower
57:56 Guard Tower
58:03 Guard Tower
58:14 Guard Tower
58:20 Scout Tower
58:22 Scout Tower
58:23 Scout Tower
58:24 Scout Tower
58:26 Scout Tower
58:27 Scout Tower
58:30 Scout Tower
58:34 Guard Tower
58:37 Scout Tower
58:39 Scout Tower
58:40 Scout Tower
58:43 Scout Tower
58:53 Guard Tower
59:00 Scout Tower
59:01 Scout Tower
59:03 Scout Tower
59:27 Guard Tower
59:29 Scout Tower
59:30 Scout Tower
59:34 Scout Tower
59:36 Scout Tower
59:37 Scout Tower
59:38 Scout Tower
59:38 Scout Tower
59:51 Scout Tower
59:56 Scout Tower
59:58 Scout Tower
60:04 Scout Tower
60:05 Scout Tower
60:06 Scout Tower
60:10 Guard Tower
60:15 Scout Tower
60:16 Scout Tower
60:17 Scout Tower
60:20 Scout Tower
60:25 Scout Tower
60:44 Guard Tower
61:02 Guard Tower
61:02 Guard Tower
61:08 Scout Tower
61:09 Scout Tower
61:13 Scout Tower
61:14 Scout Tower
61:15 Scout Tower
61:18 Scout Tower
61:25 Scout Tower
61:27 Scout Tower
61:28 Scout Tower
61:54 Guard Tower
61:58 Scout Tower
61:59 Scout Tower
62:00 Scout Tower
62:20 Scout Tower
62:21 Scout Tower
62:22 Scout Tower
62:22 Scout Tower
62:26 Scout Tower
62:27 Scout Tower
62:29 Guard Tower
62:51 Guard Tower
63:15 Guard Tower
63:18 Scout Tower
63:19 Scout Tower
63:20 Scout Tower
63:21 Scout Tower
63:24 Scout Tower
63:33 Scout Tower
63:34 Scout Tower
63:34 Scout Tower
64:13 Guard Tower
64:47 Lumber Mill
64:53 Scout Tower
64:57 Scout Tower
64:58 Scout Tower
65:02 Scout Tower
65:02 Scout Tower
65:22 Lumber Mill
65:56 Guard Tower
65:59 Scout Tower
66:00 Scout Tower
66:01 Scout Tower
66:03 Scout Tower
66:03 Scout Tower
66:04 Scout Tower
66:34 Guard Tower
67:21 Scout Tower
67:22 Scout Tower
67:22 Scout Tower
67:23 Scout Tower
67:24 Scout Tower
67:48 Scout Tower
67:49 Scout Tower
67:52 Scout Tower
67:54 Scout Tower
67:57 Scout Tower
68:00 Guard Tower
68:00 Guard Tower
68:35 Scout Tower
68:36 Scout Tower
68:37 Scout Tower
68:39 Scout Tower
68:40 Scout Tower
68:42 Guard Tower
68:45 Scout Tower
68:46 Scout Tower
69:11 Keep
69:14 Arcane Vault
69:17 Guard Tower
69:21 Scout Tower
69:22 Scout Tower
69:23 Scout Tower
69:24 Scout Tower
70:09 Guard Tower
70:30 Scout Tower
70:31 Scout Tower
70:32 Scout Tower
70:33 Scout Tower
70:33 Scout Tower
70:35 Scout Tower
70:36 Scout Tower
70:37 Scout Tower
70:38 Scout Tower
70:39 Scout Tower
70:41 Scout Tower
70:42 Scout Tower
71:07 Guard Tower
71:09 Guard Tower
71:15 Guard Tower
71:25 Scout Tower
71:27 Scout Tower
71:28 Scout Tower
71:29 Scout Tower
71:30 Scout Tower
71:32 Scout Tower
71:33 Scout Tower
71:41 Scout Tower
71:41 Scout Tower
71:42 Scout Tower
71:43 Scout Tower
71:43 Scout Tower
71:45 Scout Tower
72:01 Guard Tower
72:07 Scout Tower
72:09 Scout Tower
72:10 Scout Tower
72:13 Guard Tower
72:17 Arcane Vault
73:05 Scout Tower
73:06 Guard Tower
73:28 Scout Tower
73:29 Scout Tower
73:31 Scout Tower
73:33 Scout Tower
73:34 Scout Tower
73:35 Scout Tower
73:36 Scout Tower
73:37 Scout Tower
73:37 Scout Tower
73:38 Scout Tower
73:39 Scout Tower
73:40 Scout Tower
73:40 Scout Tower
73:53 Guard Tower
73:53 Guard Tower
74:10 Guard Tower
75:16 Castle
75:24 Lumber Mill
75:29 Guard Tower
76:26 Arcane Tower
94:39 Workshop
94:56 Workshop
95:58 Workshop
» items
| Potion of Healing | 3 | |
| Scroll of Regeneration | 1 | |
| Staff of Sanctuary | 3 | |
| Scroll of Town Portal | 4 | |
| Orb of Fire | 1 | |
12 total
Chat log
(00:10 / 8) mitsunobu: nice
(00:18 / 10) kyle_katarn: ya
(00:19 / 8) mitsunobu: well tower our bottom half
(00:32 / All) buttssss: wood pls
(01:00 / 10) kyle_katarn: blizz man?
(01:04 / 8) mitsunobu: flamer
(01:10 / 10) kyle_katarn: i get blizz man then
(01:18 / Allies) very.stoned: green hero?
(01:25 / Allies) Arts999: warden
(01:30 / Allies) very.stoned: k
(01:32 / 8) mitsunobu: tower at the joint in front of your base
(01:34 / 8) mitsunobu: and well tower out from it
(01:54 / 8) mitsunobu: to start lets aoe this camp though
(03:20 / 8) mitsunobu: wood me for expo
(03:45 / 8) mitsunobu: going for acos
(03:51 / 8) mitsunobu: let him start that
(04:00 / 10) kyle_katarn: do you want to just control mine
(04:06 / 8) mitsunobu: wood
(04:23 / 8) mitsunobu: no u contrl it
(04:31 / 8) mitsunobu: up ur towers
(05:18 / All) mitsunobu: holy cow
(05:23 / All) HIYOFROMKOREA: these kids are so bad
(05:23 / All) mitsunobu: you stink on ice
(05:25 / All) HIYOFROMKOREA: gg
(05:31 / All) kyle_katarn: I RAPED U
(05:33 / All) kyle_katarn: FUCKING RAPED
(05:35 / All) kyle_katarn: PATHETIC
(06:14 / 10) kyle_katarn: i wanna tower that top expo y/n
(06:25 / 8) mitsunobu: up to u
(07:39 / 10) kyle_katarn: one of them hacks
(07:40 / All) HIYOFROMKOREA: what the fuck teal
(07:50 / All) HIYOFROMKOREA: is that necessary against these trashbags
(07:59 / All) mitsunobu: KOREA KOREA KOREA KOREA KOREA
(08:10 / 10) kyle_katarn: blue getting sige
(08:19 / All) HIYOFROMKOREA: had no idea 4s was full of kids this bad
(08:26 / All) mitsunobu: tyes you did
(08:29 / All) mitsunobu: thats why you play it
(08:33 / All) mitsunobu: becuase you dont want to face anyone decent
(08:34 / All) HIYOFROMKOREA: yeah i did
(08:38 / All) HIYOFROMKOREA: i just cant find 2s games
(08:59 / All) HIYOFROMKOREA: oj tking me
(09:04 / 8) mitsunobu: get shredder top asap
(09:06 / All) HIYOFROMKOREA: cause i call him bad
(09:15 / All) mitsunobu: taghts wshat you get
(09:25 / 8) mitsunobu: jimmy massed dryads
(09:29 / 10) kyle_katarn: wo
(09:29 / All) HIYOFROMKOREA: we were gonna lose anyway
(09:31 / 10) kyle_katarn: wood
(09:34 / 8) mitsunobu: doesnt exist
(09:41 / All) kyle_katarn: only because i raped you
(09:42 / 8) mitsunobu: buy shred
(09:52 / All) HIYOFROMKOREA: you didnt rape me you raped my shit partners
(10:06 / All) kyle_katarn: no i raped you
(10:09 / All) kyle_katarn: you truly stink
(10:13 / All) kyle_katarn: please pray to god for mercy
(10:13 / All) HIYOFROMKOREA: untrue
(10:58 / All) mitsunobu: nice spiders
(11:32 / 10) kyle_katarn: they are already collapsed
(11:37 / 10) kyle_katarn: i tried to manip them into trying
(11:38 / 10) kyle_katarn: but idk
(11:41 / 8) mitsunobu: tell jimmy to 1v2 our allies?
(11:46 / 8) mitsunobu: like
(11:50 / 10) kyle_katarn: i guess
(11:52 / 8) mitsunobu: mass chippo or soemthing
(13:07 / 10) kyle_katarn: i dont think we managed things very well
(13:18 / 10) kyle_katarn: i guess we would have had to either kill our allies
(13:24 / 10) kyle_katarn: or not have jimmy on their team
(13:27 / 8) mitsunobu: ya
(13:33 / 8) mitsunobu: mass dryad
(13:47 / 10) kyle_katarn: massing dryads is the most hateful and detestable of things to do in this whole game
(13:48 / 8) mitsunobu: is it too late to tk and play control
(16:20 / All) kyle_katarn: what a waste of your time
(16:26 / All) HIYOFROMKOREA: indeed
(16:33 / All) kyle_katarn: youre rapidly losing the game and all you can think to do is pick at towers
(16:42 / All) HIYOFROMKOREA: who cares
(16:48 / All) kyle_katarn: get raped
(16:50 / All) kyle_katarn: by big dicks
(17:28 / All) HIYOFROMKOREA: well this is boring
(17:35 / All) kyle_katarn: thats what losers say when they lose
(20:42 / 8) mitsunobu: look what jimmys doing
(20:51 / All) very.stoned: teal is newb
(21:26 / 10) kyle_katarn: jimmy is killing our towers?
(21:26 / All) very.stoned: and so is purp
(21:28 / 8) mitsunobu: get units
(21:29 / 8) mitsunobu: ya
(21:45 / 10) kyle_katarn: did you tell him to do that?
(21:48 / 8) mitsunobu: no
(21:49 / 8) mitsunobu: hes a nigger
(22:00 / 10) kyle_katarn: im not going to play any more video games with jimmy
(22:03 / 8) mitsunobu: ya
(22:06 / 10) kyle_katarn: if hes invited im not
(22:08 / 10) kyle_katarn: remember that
(22:16 / 8) mitsunobu: removing him now on league
(22:19 / Allies) very.stoned: green wait until they kill teal
(22:24 / Allies) very.stoned: and purp
(22:28 / Allies) very.stoned: then we go kill them
(22:57 / 8) mitsunobu: im about ready
(23:00 / 8) mitsunobu: fuck
(23:02 / 8) mitsunobu: those spiders tho
(23:05 / 8) mitsunobu: oh no web
(23:21 / 8) mitsunobu: come
(23:50 / 8) mitsunobu: my expo top
(24:55 / 8) mitsunobu: he has web
(24:56 / 8) mitsunobu: shit
(25:15 / 8) mitsunobu: i dont t hink we can win this
(25:52 / 8) mitsunobu: watch your air
(26:29 / 8) mitsunobu: ...
(26:37 / 8) mitsunobu: i bet he was raging at his team in chat
(26:40 / 8) mitsunobu: about webbing my air
(27:20 / 10) kyle_katarn: he left?
(27:23 / 8) mitsunobu: yea
(27:25 / 10) kyle_katarn: he left?
(27:25 / 8) mitsunobu: cuz i got his expo
(27:30 / 8) mitsunobu: he is a supreme nigger
(27:33 / 8) mitsunobu: he saw he coudlnt beat us
(27:34 / 10) kyle_katarn: the next time i see jimmy theres going to be a brawl
(27:35 / 8) mitsunobu: so he rage quit
(27:37 / 8) mitsunobu: lol
(27:42 / 10) kyle_katarn: im going to punch him in hte gut instead of saying hello
(29:50 / 8) mitsunobu: hes sitting in channel nerd
(29:55 / 8) mitsunobu: ready for the next one
(31:05 / 8) mitsunobu: watch bot
(31:06 / 8) mitsunobu: lol
(31:08 / 8) mitsunobu: this will be good
(33:34 / Allies) mitsunobu: gold please
(34:45 / 8) mitsunobu: you should let him
(34:49 / 8) mitsunobu: look what hes up against after this base
(34:54 / 10) kyle_katarn: im over food
(36:30 / 10) kyle_katarn: now hes just attacking your peons
(37:05 / 10) kyle_katarn: hes not even attacking the guy who killed his hero
(37:16 / 8) mitsunobu: i started the tk on him
(37:21 / 8) mitsunobu: sappered his main and expo with 6 sappers
(37:26 / 10) kyle_katarn: i guess he either figures we know each other or lumps us together
(37:31 / 10) kyle_katarn: i missed that
(37:37 / 8) mitsunobu: it was pretty satisfying
(37:40 / 8) mitsunobu: 3 sappers kill a tree
(37:50 / 10) kyle_katarn: yes
(37:56 / 10) kyle_katarn: i won a few 1v1 matches that weay
(38:26 / 8) mitsunobu: nowhre to run to
(38:30 / 8) mitsunobu: LOL
(38:34 / 8) mitsunobu: oh thats not him
(39:38 / 10) kyle_katarn: lol
(40:25 / 8) mitsunobu: he could flatten us with that army
(40:29 / 8) mitsunobu: only churniung out new units would save us
(40:37 / 10) kyle_katarn: it would though
(40:38 / 8) mitsunobu: but he sits there and lets us mine the entire map
(40:54 / 10) kyle_katarn: i have had a gold lead on him for a while
(41:06 / 8) mitsunobu: on who
(41:10 / 10) kyle_katarn: that guy
(41:14 / All) kyle_katarn: you scout constantly
(41:15 / All) kyle_katarn: what for
(41:21 / All) kyle_katarn: i have had the same units for 10 minutes
(41:25 / All) kevinharlan23: to see what yall are doing
(41:26 / All) kyle_katarn: i havent even moved them
(41:28 / All) mitsunobu: im at 50 food
(41:36 / All) mitsunobu: m going to mine every mine on the map
(41:39 / All) mitsunobu: with 50 food
(41:48 / All) kevinharlan23: why are yall so relaxed?
(42:10 / 10) kyle_katarn: i dont know where to start with answering that
(42:11 / 8) mitsunobu: cloud and sapper bot basE?
(42:28 / 10) kyle_katarn: i make cloud men
(42:32 / 8) mitsunobu: u get top sappers
(42:37 / 8) mitsunobu: i have no unit up there
(42:41 / All) kevinharlan23: green is he here?
(42:57 / 8) mitsunobu: make a house at top sapper shop
(43:35 / 8) mitsunobu: 6 sappers inbound
(43:43 / 10) kyle_katarn: im bringing 3
(44:03 / 8) mitsunobu: hide them
(44:06 / 8) mitsunobu: so his owl doesnt see
(44:28 / 8) mitsunobu: this is overkill
(44:29 / 8) mitsunobu: lol
(44:31 / 8) mitsunobu: ok ready
(44:32 / 8) mitsunobu: u cloud
(44:35 / 8) mitsunobu: i sap first
(44:35 / 10) kyle_katarn: unless we pop ourselves
(44:36 / 10) kyle_katarn: ok
(45:44 / 8) mitsunobu: we shoudl do 200 food gyro no bombs
(45:52 / 10) kyle_katarn: i have bombs already
(45:55 / 8) mitsunobu: o
(46:53 / 8) mitsunobu: i dont suppose we could high perch this
(46:56 / 8) mitsunobu: if we like
(46:59 / 8) mitsunobu: got him to zero gold
(47:01 / 8) mitsunobu: no air no zepps
(47:07 / 10) kyle_katarn: at this point
(47:12 / 10) kyle_katarn: we could just make a brick of tower sso big
(47:20 / 10) kyle_katarn: that he wouldnt be able to kill it
(47:24 / 10) kyle_katarn: because he has palsy hands
(47:27 / 8) mitsunobu: yea lol
(47:30 / 8) mitsunobu: wall to wall towers
(47:31 / 8) mitsunobu: no spacing
(47:39 / 8) mitsunobu: im kililng my birds
(47:43 / 8) mitsunobu: and making peons
(48:15 / 8) mitsunobu: gionna tower right here
(55:04 / 10) kyle_katarn: tower in i guess
(55:59 / 8) mitsunobu: i killed all our shredders earlier
(55:59 / 8) mitsunobu: fyi
(56:07 / 10) kyle_katarn: ya
(56:48 / 8) mitsunobu: 1000 wood til mine gets rolling again
(60:32 / All) kevinharlan23: do yall have any units?
(60:36 / All) mitsunobu: no
(60:44 / All) kevinharlan23: where is green?
(60:48 / All) mitsunobu: killed him
(60:53 / All) kyle_katarn: he does not exist
(61:24 / 10) kyle_katarn: make a mine at his expo
(63:08 / 8) mitsunobu: fake ass scouts
(63:38 / 10) kyle_katarn: who would bother ot manner hack in this day and age
(63:40 / 10) kyle_katarn: and still suck this bad
(63:50 / 8) mitsunobu: i dont think hes manner hacking per se
(63:56 / 8) mitsunobu: i think hes just shoving the owl in our face
(64:05 / 8) mitsunobu: because thats like manaburning the enemy for 50 mana
(64:25 / 8) mitsunobu: is there some kind of mana station i can build
(66:38 / 10) kyle_katarn: what feeble ambition
(70:46 / 10) kyle_katarn: just now
(70:47 / 10) kyle_katarn: only?
(72:44 / 8) mitsunobu: get one hawk
(73:59 / 8) mitsunobu: oh were getting kind of poor
(74:09 / 10) kyle_katarn: ya i stopped at 3.5k
(74:27 / 10) kyle_katarn: at this point i say wait for him to react
(76:59 / 8) mitsunobu: making 2 sorcs
(77:22 / 10) kyle_katarn: make a priest and have it hold position near the towers
(77:30 / 8) mitsunobu: that doesnt work
(77:34 / 8) mitsunobu: you have to pen it in with houses
(78:41 / 8) mitsunobu: watch his owl
(80:04 / 8) mitsunobu: cancel ur half built towers
(87:22 / 10) kyle_katarn: this guy is a manner hacker
(87:26 / 10) kyle_katarn: i have no doubt now
(87:33 / 10) kyle_katarn: he only makes a move when we move units
(87:44 / 8) mitsunobu: ya
(89:33 / Allies) mitsunobu: sick bolt dodge
(90:45 / Allies) mitsunobu: boom roasted
(90:57 / 10) kyle_katarn: oops
(91:12 / 10) kyle_katarn: look at him right clicking on your invis units
(91:16 / 10) kyle_katarn: getting a bit flustered i guess
(91:51 / Allies) mitsunobu: jimmy finally gave up on channel nerd
(92:00 / 10) kyle_katarn: i dont care what jimmy did
(92:17 / Allies) mitsunobu: i keep wanting to push the mouse button that i bound to laugh
(92:19 / Allies) mitsunobu: in league of legends
(92:20 / Allies) mitsunobu: lol
(92:22 / 10) kyle_katarn: i cant tell if he thinks hes trolololing us or something
(92:29 / 10) kyle_katarn: and he thinks its funny or something
(93:15 / Allies) mitsunobu: i kind of want to go 100 food no bombs gyros
(93:19 / Allies) mitsunobu: but he might have enough to kill that
(93:53 / 10) kyle_katarn: we could just go 100 food gryphons and end it
(93:59 / Allies) mitsunobu: we could tiehack too
(94:02 / Allies) mitsunobu: i kind of want to play this some more
(94:03 / 10) kyle_katarn: if we both went 100 food tanks no barrage i bet we could win it
(94:13 / 10) kyle_katarn: and ignore his army
(94:14 / Allies) mitsunobu: tanks would be good
(94:23 / Allies) mitsunobu: im gonna go max food tanks
(94:27 / 10) kyle_katarn: me 2 then
(94:34 / Allies) mitsunobu: 3/3 upgrades no barrage
(94:39 / 10) kyle_katarn: ya
(94:44 / Allies) mitsunobu: save them up in the deepest part of our towers
(94:47 / Allies) mitsunobu: so he can see whats coming
(94:53 / Allies) mitsunobu: with his faggy hacker hawks
(95:07 / Allies) mitsunobu: watch him holding still
(95:10 / Allies) mitsunobu: and watch i move my heros
(96:10 / 10) kyle_katarn: if he told all his units to move to one building and then hold position
(96:13 / 10) kyle_katarn: this tank attack wouldnt work
(96:17 / Allies) mitsunobu: lol
(96:20 / Allies) mitsunobu: well
(96:23 / Allies) mitsunobu: it would get him down to one building
(96:27 / Allies) mitsunobu: and thats more fun than this
(96:59 / Allies) mitsunobu: i should have golded u before u broke
(97:07 / 10) kyle_katarn: w/e
(97:10 / Allies) mitsunobu: im not sure i have the food to spend my gold anyway though
(97:45 / 10) kyle_katarn: look at that reaction
(97:50 / 10) kyle_katarn: you should just walk home now
(97:54 / Allies) mitsunobu: ya
(97:59 / 10) kyle_katarn: and come invis again
(98:32 / Allies) mitsunobu: im gonna alugh when he fights it off
(98:34 / Allies) mitsunobu: and has level 10 heros
(98:40 / Allies) mitsunobu: i guess that would be good tiehack material
(98:44 / 10) kyle_katarn: im a cheater
(98:46 / 10) kyle_katarn: i cheat
(99:20 / 10) kyle_katarn: i have all the tanks im going to have now
(99:38 / Allies) mitsunobu: 4 more queued
(99:43 / Allies) mitsunobu: per workshop
(99:57 / Allies) mitsunobu: also i want my heros back
(100:12 / Allies) mitsunobu: are you sure
(100:14 / Allies) mitsunobu: about barrage
(100:23 / 10) kyle_katarn: ?
(100:27 / 10) kyle_katarn: i have no barrage
(100:30 / Allies) mitsunobu: i mean 12 chims attack moving
(100:35 / 10) kyle_katarn: you can start researching it when the fight starts
(100:37 / Allies) mitsunobu: baarrrage woudl make short work of them
(100:39 / 10) kyle_katarn: and cancel it if you dont want
(100:47 / Allies) mitsunobu: ya nvm
(100:51 / Allies) mitsunobu: lets try the zerg approach
(101:07 / Allies) mitsunobu: ok this is all the tanks im making
(101:09 / Allies) mitsunobu: with these last 3
(101:17 / Allies) mitsunobu: ill save a small amount for w/e
(101:24 / 10) kyle_katarn: why is he still in this game
(101:27 / 10) kyle_katarn: you can tell hes a retard
(101:28 / 10) kyle_katarn: and a hacker
(101:30 / 10) kyle_katarn: he must want a win
(101:31 / Allies) mitsunobu: yea
(101:34 / 10) kyle_katarn: hungry for a win
(101:43 / Allies) mitsunobu: ok get ready
(101:44 / Allies) mitsunobu: with tanks
(101:54 / Allies) mitsunobu: go
(102:43 / All) mitsunobu: noob
(102:47 / Allies) mitsunobu: i unpause
(102:50 / All) kevinharlan23: what happpened to no units'
(103:10 / All) kyle_katarn: is that a rule?
(103:16 / All) kyle_katarn: you better report us to blizzard for using units
(103:37 / Allies) mitsunobu: oh his tree
(103:37 / Allies) mitsunobu: lOL
(103:50 / 10) kyle_katarn: im getting barrage
(103:58 / Allies) mitsunobu: ya
(104:32 / Allies) mitsunobu: this guy is funny
(104:47 / 10) kyle_katarn: ?
(106:03 / 10) kyle_katarn: we could burn down all those trees
(106:15 / Allies) mitsunobu: ya
(106:18 / 10) kyle_katarn: his tree would still be surrounded
(106:23 / 10) kyle_katarn: if he kept his units where they are
(106:33 / Allies) mitsunobu: tanks have pretty big range
(107:15 / Allies) mitsunobu: hes clearing the trees
(107:18 / Allies) mitsunobu: it actually helps him to anyway
(108:19 / Allies) mitsunobu: lol
(108:32 / Allies) mitsunobu: i hoenstly think it would die to suicide tank drop
(108:34 / Allies) mitsunobu: at hits point
(108:39 / Allies) mitsunobu: but this is fun
(109:36 / Allies) mitsunobu: i feel like
(109:40 / Allies) mitsunobu: with hawks and staffs
(109:42 / Allies) mitsunobu: we could kill a chim
(109:45 / Allies) mitsunobu: when he comes out that far
(110:03 / 10) kyle_katarn: ya
(110:07 / 10) kyle_katarn: but im drunk right now
(110:12 / 10) kyle_katarn: i might mess it up
(110:27 / Allies) mitsunobu: oh
(111:25 / Allies) mitsunobu: yikes
(112:04 / 10) kyle_katarn: that was surprisingly easy
(112:10 / Allies) mitsunobu: i lost 2 heros
(112:12 / 10) kyle_katarn: his only units that hit air are heros
(112:22 / 10) kyle_katarn: if he uses all his hero powers on an air unit then i have to staff it
(112:25 / Allies) mitsunobu: he has fiends
(112:30 / Allies) mitsunobu: now hes using 2 of them
(112:33 / 10) kyle_katarn: here they come
(112:39 / 10) kyle_katarn: lesson learned
(112:52 / Allies) mitsunobu: i say we tank drop
(112:55 / Allies) mitsunobu: load zepps full
(112:58 / Allies) mitsunobu: send remaining tanks in on foot
(113:02 / Allies) mitsunobu: then drop tanks carefully
(113:02 / 10) kyle_katarn: i have no money for zepps
(113:16 / Allies) mitsunobu: scour the map
(113:55 / 10) kyle_katarn: i had a zep
(113:58 / 10) kyle_katarn: is it dead?
(114:08 / Allies) mitsunobu: i think i tked it because it was 1/4 health and i didnt like looking at it
(114:11 / Allies) mitsunobu: lol
(114:13 / All) kevinharlan23: how much gold do you have?
(114:15 / All) mitsunobu: 23
(114:18 / 10) kyle_katarn: i could have staffed it
(114:30 / Allies) mitsunobu: it was when we were rich
(114:33 / Allies) mitsunobu: havent killed anything lately
(114:34 / Allies) mitsunobu: ok
(114:36 / Allies) mitsunobu: lets go
(114:37 / Allies) mitsunobu: all tanks in
(116:26 / All) mitsunobu: NOOB